 Dungeon Crawl Stone Soup version 0.17.0-28-g6e173f8 (webtiles) character file.

90 coffecat the Skirmisher (level 4, -5/63 HPs)
             Began as a Minotaur Berserker on Nov 28, 2015.
             Was a Believer of Trog.
             Killed from afar by coffecat's ghost (6 damage)
             ... with a magic dart
             ... on level 3 of the Dungeon.
             The game lasted 00:04:28 (940 turns).

coffecat the Skirmisher (Minotaur Berserker)         Turns: 940, Time: 00:04:28

Health: -5/63      AC:  2    Str: 28    XL:     4   Next: 32%
Magic:  3/3        EV: 12    Int:  4    God:    Trog [**....]
Gold:   69         SH:  0    Dex:  9    Spells: 0 memorised, 3 levels left

rFire  . . .     SeeInvis .     a - +0 hand axe
rCold  . . .     Clarity  .     b - +0 animal skin
rNeg   . . .     SustAt   .     (no shield)
rPois  .         Gourm    .     (helmet restricted)
rElec  .         Spirit   .     (no cloak)
rCorr  .         Warding  .     (no gloves)
rMut   .         Stasis   .     (no boots)
MR     .....                    (no amulet)
Stlth  ..........               (no ring)
                                (no ring)

@: berserking (expiring), lethally poisoned (-5 -> -6), very quick, not
resistant to hostile enchantments, extremely unstealthy
A: retaliatory headbutt, horns 2
a: Berserk, Trog's Hand, Burn Spellbooks, Renounce Religion


You were on level 3 of the Dungeon.
You worshipped Trog.
Trog was pleased with you.
You were not hungry.

You visited 1 branch of the dungeon, and saw 3 of its levels.

You collected 69 gold pieces.

Inventory:

Hand Weapons
 a - a +0 hand axe (weapon)
Missiles
 l - 2 tomahawks (quivered)
Armour
 b - a +0 animal skin (worn)
Jewellery
 e - an uncursed ring of protection from magic {unknown}
Scrolls
 f - a scroll of fog {unknown}
 h - a scroll of recharging {unknown}
 j - a scroll of remove curse {unknown}
Potions
 g - a potion of ambrosia {unknown}
 i - 2 potions of agility {unknown}
 k - a potion of resistance {unknown}
Comestibles
 c - 2 bread rations
 d - a meat ration


   Skills:
 * Level 5.1 Fighting
 + Level 4.3 Axes
 + Level 2.8 Armour
 + Level 2.7 Dodging
 + Level 0.3 Stealth


You had 3 spell levels left.
You didn't know any spells.

Dungeon Overview and Level Annotations

Branches:
Dungeon (3/15)

Altars:

Annotations:
D:3 coffecat's ghost, weakling OgWz


Innate Abilities, Weirdness & Mutations

You reflexively headbutt those who attack you in melee.
You have a pair of horns on your head.


Message History

You feel yourself moving faster!
You feel mighty!
You feel somewhat more hungry.
You feel sick. Coffecat's ghost casts a spell at you. The magic dart hits you!
* * * LOW HITPOINT WARNING * * *
The adder misses you.
You barely miss the adder. Your headbutt misses the adder.
The adder is almost dead.
Coffecat's ghost casts a spell at you. The magic dart hits you!
* * * LOW HITPOINT WARNING * * *
The adder misses you.
You feel a strong urge to attack something.
You feel sick.
You feel your anger subside. The adder bites you.
* * * LOW HITPOINT WARNING * * *
Coffecat's ghost gestures at you while chanting.
The magic dart hits you!
You die...

#....#.##...#############
#........................
#........................
#........................
#........................
#....)...................
#........................
#.....†..................
#......S@.W..............
#........................
#........................
.................. .....
##................ .....
#........$....... .....
#................ .....
#................ .....
.....


You could see coffecat's ghost and an adder.

Vanquished Creatures
  Ijyb (D:3)
  Natasha (D:3)
  2 oozes
  2 giant geckos
  3 bats
  A giant cockroach (D:3)
  5 goblins
  5 hobgoblins
  A ball python (D:2)
  3 jackals (D:2)
  2 kobolds
  3 rats
29 creatures vanquished.

Notes
Turn   | Place    | Note
--------------------------------------------------------------
     0 | D:1      | coffecat the Minotaur Berserker began the quest for the Orb.
     0 | D:1      | Reached XP level 1. HP: 19/19 MP: 0/0
    33 | D:1      | Reached skill level 4 in Fighting
    61 | D:1      | Reached XP level 2. HP: 27/27 MP: 1/1
   573 | D:2      | Reached XP level 3. HP: 25/34 MP: 2/2
   767 | D:3      | Reached ** piety under Trog
   823 | D:3      | Noticed Ijyb
   833 | D:3      | Killed Ijyb
   844 | D:3      | Noticed Natasha
   847 | D:3      | Killed Natasha
   847 | D:3      | Reached skill level 5 in Fighting
   847 | D:3      | Reached XP level 4. HP: 35/42 MP: 3/3
   933 | D:3      | Noticed coffecat's ghost (weakling OgWz)
   939 | D:3      | HP: 3/63 [poisoned by an adder]
   940 | D:3      | HP: 1/63 [adder (2)]
   940 | D:3      | Killed from afar by coffecat's ghost

Action                   |  1- 3 |  4- 6 || total
-------------------------+-------+-------++-------
Melee: Hand axe          |    46 |    11 ||    57
Invok: Berserk           |       |     1 ||     1
